 Dungeon Crawl Stone Soup version 0.18.1-48-g4cf74bf (webtiles) character file.

1342 PossumBlood the Fighter (level 8, -22/79 HPs)
             Began as a Minotaur Fighter on Aug 18, 2016.
             Was a Follower of Okawaru.
             Engulfed by a cloud of flame (24 damage)
             ... on level 6 of the Dungeon.
             The game lasted 00:10:30 (4241 turns).

PossumBlood the Fighter (Minotaur Fighter)          Turns: 4241, Time: 00:10:30

Health: -22/79     AC:  8    Str: 28    XL:     8   Next: 35%
Magic:  7/7        EV:  6    Int:  7    God:    Okawaru [*.....]
Gold:   253        SH: 16    Dex: 10    Spells: 0 memorised, 7 levels left

rFire  . . .     SeeInvis .     a - +0 war axe
rCold  . . .     Gourm    .     b - +0 scale mail
rNeg   . . .     Faith    .     k - +1 large shield
rPois  .         Spirit   .     (helmet restricted)
rElec  .         Dismiss  .     u - +0 cloak
rCorr  .         Reflect  .     (no gloves)
SustAt +         Harm     .     (no boots)
MR     .....                    (no amulet)
Stlth  ..........               x - +1 ring of evasion
                                p - ring of sustain attributes

@: mighty, not resistant to hostile enchantments, extremely unstealthy
A: retaliatory headbutt, horns 2, clever 1, subdued magic 1
a: Heroism, Renounce Religion


You were on level 6 of the Dungeon.
You worshipped Okawaru.
Okawaru was aware of your devotion.
You were not hungry.

You visited 2 branches of the dungeon, and saw 7 of its levels.

You collected 253 gold pieces.

Inventory:

Hand Weapons
 a - a +0 war axe (weapon)
Missiles
 h - 4 javelins (quivered)
 o - 3 tomahawks
Armour
 b - a +0 scale mail (worn)
 c - a +0 shield
 k - a +1 large shield (worn)
 u - a +0 cloak (worn)
Jewellery
 p - a ring of sustain attributes (left hand)
 x - a +1 ring of evasion (right hand)
Wands
 i - a wand of lightning (8/15)
Scrolls
 l - 4 scrolls of remove curse
 m - a scroll of magic mapping
 t - a scroll of immolation
Potions
 e - a potion of flight {unknown}
 g - 3 potions of lignification
 j - a potion of curing
 n - a potion of haste {unknown}
 s - a potion of brilliance {unknown}
 v - a potion of ambrosia {unknown}
Comestibles
 f - a bread ration
 q - 2 beef jerkies
 r - a meat ration
 w - a slice of pizza


   Skills:
 * Level 10.0 Fighting
 + Level 8.2 Axes
 - Level 3.6 Armour
 - Level 3.6 Shields


You had 7 spell levels left.
You didn't know any spells.

Dungeon Overview and Level Annotations

Branches:
Dungeon (6/15)             Temple (1/1) D:5

Altars:
Ashenzari
Cheibriados
Elyvilon
Fedhas
Gozag
Makhleb
Nemelex Xobeh
Okawaru
Pakellas
Ru
Trog
Vehumet
Xom
Zin
The Shining One

Annotations:
D:6 Dowan


Innate Abilities, Weirdness & Mutations

You reflexively headbutt those who attack you in melee.
You have a pair of horns on your head.
Your mind is acute. (Int +2)
Your spells are a little easier to cast, but a little less powerful.


Message History

Duvessa hits you but does no damage.
Duvessa hits you with a short sword of holy wrath.
You closely miss Duvessa. You headbutt Duvessa.
Duvessa explodes!
The fiery explosion engulfs you!
* * * LOW HITPOINT WARNING * * *
The fiery explosion engulfs the giant frog.
The giant frog explodes!
The fiery explosion engulfs the worker ant.
The worker ant is almost dead.
Okawaru accepts your kill.
Your Axes skill increases to level 8!
The fiery explosion engulfs the worker ant.
The worker ant explodes!
Okawaru accepts your kill. x2
Dowan screams, "No!
Oh no!"
Dowan seems to find hidden reserves of power!
Your Fighting skill increases to level 10!
You are engulfed in roaring flames.
You die...

#.......#
###..##.##
##.##..#
#.###.##
#..##[.#
##.<##.#
##.##.# #.§#§#
##@§§## #
###§§# ..$
#.§####.....
#....)...?#
##..%)..(...
#......e..$
#.<...e.....
>............
###.....(.....


You could see Dowan (inner flame).

Vanquished Creatures
  The ghost of tschems the Ducker, a novice HuBe of Trog (D:5)
  Duvessa (D:6)
  An orc warrior (D:6)
  A sky beast (D:5)
  2 ice beasts (D:5)
  A giant frog (D:6)
  2 crimson imps (D:5)
  A centaur zombie (D:5)
  4 hounds
  2 jellies (D:5)
  2 orc priests (D:5)
  Crazy Yiuf (D:5)
  3 orc wizards
  2 iguanas
  3 worker ants
  A hound zombie (D:5)
  3 gnolls (D:2)
  4 adders
  An adder zombie (D:5)
  3 worms (D:2)
  A dart slug (D:1)
  15 orcs
  A ball python (D:5)
  4 giant cockroaches
  9 goblins
  8 hobgoblins
  3 jackals (D:2)
  9 kobolds
  A quokka (D:5)
  7 bats
  A giant gecko zombie (D:5)
  5 giant newts
  2 quokka skeletons
  5 rats
110 creatures vanquished.

Notes
Turn   | Place    | Note
--------------------------------------------------------------
     0 | D:1      | PossumBlood the Minotaur Fighter began the quest for the Orb.
     0 | D:1      | Reached XP level 1. HP: 19/19 MP: 0/0
    70 | D:1      | Reached XP level 2. HP: 26/27 MP: 1/1
   179 | D:1      | Reached skill level 4 in Fighting
   634 | D:2      | Reached XP level 3. HP: 29/33 MP: 2/2
   989 | D:2      | Reached XP level 4. HP: 41/41 MP: 3/3
  1041 | D:2      | Found an opulent altar of Gozag.
  1482 | D:3      | Reached skill level 5 in Axes
  1718 | D:3      | Found a shimmering altar of Xom.
  2048 | D:4      | Reached skill level 5 in Fighting
  2048 | D:4      | Reached XP level 5. HP: 48/48 MP: 4/4
  2676 | D:4      | Reached skill level 6 in Fighting
  2676 | D:4      | Reached XP level 6. HP: 55/57 MP: 5/5
  2872 | D:5      | Entered Level 5 of the Dungeon
  3046 | D:5      | Reached skill level 7 in Fighting
  3059 | D:5      | Noticed an ice beast
  3069 | D:5      | Killed an ice beast
  3069 | D:5      | Reached XP level 7. HP: 33/66 MP: 6/6
  3258 | D:5      | Noticed tschems's ghost (novice HuBe)
  3264 | D:5      | Killed tschems's ghost
  3276 | D:5      | Found a staircase to the Ecumenical Temple.
  3285 | Temple   | Entered the Ecumenical Temple
  3292 | Temple   | Became a worshipper of Warmaster Okawaru
  3452 | D:5      | Reached skill level 8 in Fighting
  3515 | D:5      | Gained mutation: Your spells are a little easier to cast, but a little less powerful. [mutagenic meat]
  3516 | D:5      | Gained mutation: Your mind is acute. (Int +2) [mutagenic meat]
  3658 | D:5      | Reached * piety under Okawaru
  3658 | D:5      | Reached skill level 9 in Fighting
  3757 | D:5      | Found a snail-covered altar of Cheibriados.
  3812 | D:5      | Found a sacrificial altar of Ru.
  3912 | D:5      | Noticed Crazy Yiuf
  3923 | D:5      | Killed Crazy Yiuf
  4128 | D:5      | Reached XP level 8. HP: 78/78 MP: 7/7
  4216 | D:6      | Noticed Dowan
  4217 | D:6      | Noticed Duvessa
  4241 | D:6      | Killed Duvessa
  4241 | D:6      | HP: 2/78 [Duvessa/exploding inner flame[the player character] (27)]
  4241 | D:6      | Reached skill level 10 in Fighting
  4241 | D:6      | Engulfed by a cloud of flame

Skill      XL: |  1  2  3  4  5  6  7  8 |
---------------+-------------------------+-----
Axes           | 3 4 5 6 7 8 |  8.2
Fighting       | 4 5 6 7 9 10 | 10.0
Armour         | |  3.6
Shields        | |  3.6

Action                   |  1- 3 |  4- 6 |  7- 9 || total
-------------------------+-------+-------+-------++-------
Melee: War axe           |    89 |   143 |   102 ||   334
       Headbutt          |    10 |    14 |    23 ||    47
  Use: Scroll            |       |     8 |     2 ||    10
       Potion            |       |     1 |     6 ||     7
  Eat: Meat ration       |       |     1 |       ||     1
       Bread ration      |       |     1 |     1 ||     2
       Chunk             |       |       |     2 ||     2
Armor: Scale mail        |    32 |    32 |    42 ||   106
       Skin              |       |    15 |       ||    15
Dodge: Dodged            |    29 |    25 |    12 ||    66
Block: Shield            |    28 |       |       ||    28
       Large shield      |    46 |   114 |   101 ||   261
